Chicago Black Hawks vs Hartford Whalers

Created - Saturday, February 14, 2026 at 09:09

Goals
1 2 3 T
Chicago Black Hawks 0 1 1 2
Hartford Whalers 1 1 2 4
Shots
1 2 3 T
Chicago Black Hawks 8 18 13 39
Hartford Whalers 13 9 13 35

1st period

1. Hartford Whalers , Anthony Cirelli 4 (Nick Suzuki 18) at 10:05

Penalties :
Pierre-Luc Dubois (HFD) for Goalie Interference (Minor) at 4:44, Devon Toews (HFD) for Interference (Minor) at 7:10, Ryan Lindgren (CHI) for Holding (Minor) at 18:49

2nd period

2. Chicago Black Hawks , Matthew Beniers 7 (Barrett Hayton 20) at 5:35 (PP)
3. Hartford Whalers , Anthony Cirelli 5 (Nick Suzuki 19) at 12:25 (PP)

Penalties :
Anthony Cirelli (HFD) for Cross-checking (Minor) at 5:33, Kevin Fiala (CHI) for Hooking (Minor) at 12:20, Joshua Norris (HFD) for Roughing (Minor) at 17:40

3rd period

4. Chicago Black Hawks , Kevin Fiala 10 (Barrett Hayton 21) at 2:12 (SH)
5. Hartford Whalers , Jordan Kyrou 11 (Sidney Crosby 17, Anthony Cirelli 10) at 6:06
6. Hartford Whalers , Sidney Crosby 8 (Vladislav Gavrikov 5, Pierre-Luc Dubois 10) at 16:57

Penalties :
Christopher Tanev (CHI) for Holding (Minor) at 0:41, Ryan Lindgren (CHI) for Interference (Minor) at 19:53

Goalie Stats

Filip Gustavsson (CHI), 31 saves from 35 shots - (0.886), L, 6-5-1, 60:00 minutes
Joseph Woll (HFD), 37 saves from 39 shots - (0.949), W, 12-6-1, 60:00 minutes

Players Stats for Chicago Black Hawks

Player Name              G  A  P  +/- PIM S  H  SB GA TA FO     MP     PP MP  PK MP  
------------------------------------------------------------------------------------
Barrett Hayton           0  2  2  -1  0   7  3  1  1  0  12/20  20:01   2:48   2:07 
Bobby Brink              0  0  0   0  0   1  2  0  0  1  0/0     7:33   0:00   0:00 
Brent Burns              0  0  0  -1  0   1  1  6  0  0  0/0    26:14   3:12   2:02 
Brett Howden             0  0  0   0  0   1  0  0  1  0  3/7     7:38   0:00   0:05 
Christopher Tanev        0  0  0  -1  2   0  0  1  0  0  0/0    20:16   2:47   1:19 
Eeli Tolvanen            0  0  0  -1  0   2  1  0  0  0  0/0    13:06   0:00   0:00 
Justin Faulk             0  0  0  -1  0   2  1  4  0  3  0/0    20:36   2:47   2:07 
Kevin Fiala              1  0  1   1  2   1  2  1  0  0  1/4    19:39   3:11   2:02 
Leo Carlsson             0  0  0   0  0   5  3  0  1  1  13/20  19:20   3:11   2:02 
Lucas Raymond            0  0  0   0  0   4  1  0  0  2  0/2    19:20   3:11   2:02 
Matthew Beniers          1  0  1  -1  0   4  4  0  1  0  8/15   16:13   2:48   0:00 
Noah Dobson              0  0  0   0  0   0  0  3  0  3  0/0    13:10   0:00   0:00 
Oliver Bjorkstrand       0  0  0  -2  0   7  2  3  1  0  0/1    17:25   2:48   0:00 
Ryan Lindgren            0  0  0   0  4   0  0  0  0  0  0/0    14:05   0:00   0:48 
Ryan Suzuki              0  0  0  -2  0   0  1  0  0  0  1/1    14:18   0:00   0:00 
Shane Wright             0  0  0  -1  0   0  1  0  0  0  0/0    13:06   0:00   0:00 
Trevor Zegras            0  0  0   0  0   0  1  0  0  0  0/0     7:33   0:00   0:00 
Zachary Werenski         0  0  0  -1  0   4  1  1  3  2  0/0    26:14   3:12   2:02 

Players Stats for Hartford Whalers

Player Name              G  A  P  +/- PIM S  H  SB GA TA FO     MP     PP MP  PK MP  
------------------------------------------------------------------------------------
Anthony Cirelli          2  1  3   1  2   4  1  0  0  0  1/2    19:55   2:05   2:53 
Braden Schneider         0  0  0   0  0   1  2  2  0  1  0/0    19:55   2:07   2:45 
Carter Verhaeghe         0  0  0   0  0   5  1  0  1  0  8/12   12:59   0:00   0:00 
Devon Toews              0  0  0   0  2   1  1  2  1  0  0/0    18:40   2:07   1:38 
Dylan Guenther           0  0  0   0  0   1  0  0  0  0  0/0    13:20   0:00   0:21 
Jonathan Drouin          0  0  0   0  0   0  1  0  0  0  0/0     8:07   0:00   0:00 
Jordan Kyrou             1  0  1   1  0   3  2  0  1  0  1/1    15:52   2:04   0:00 
Joshua Norris            0  0  0   1  2   2  6  0  3  2  0/0    18:57   2:05   1:55 
Kaiden Guhle             0  0  0   1  0   0  1  2  0  0  0/0    15:19   0:00   1:07 
Matthew Coronato         0  0  0   0  0   1  0  0  1  1  2/7     8:07   0:00   0:00 
Nick Suzuki              0  2  2   1  0   5  0  0  0  1  10/25  20:06   2:05   3:04 
Pierre-Luc Dubois        0  1  1   1  2   1  2  0  0  1  1/2    17:02   2:04   1:00 
Seth Jones               0  0  0   1  0   2  1  2  1  1  0/0    25:46   2:02   3:00 
Sidney Crosby            1  1  2   1  0   3  2  0  2  0  9/20   18:37   2:04   2:45 
Simon Edvinsson          0  0  0   1  0   1  1  1  0  0  0/0    14:19   0:00   0:14 
Tyler Seguin             0  0  0   0  0   1  1  0  1  0  0/0    12:49   0:00   0:00 
Tyson Foerster           0  0  0   0  0   1  1  0  1  1  0/1     8:07   0:00   0:00 
Vladislav Gavrikov       0  1  1   1  0   3  0  0  0  0  0/0    26:00   2:02   3:14 

3 Stars

1 - Anthony Cirelli (HFD)
2 - Sidney Crosby (HFD)
3 - Joseph Woll (HFD)

Power Play

Chicago Black Hawks - 1 on 4 Attempt(s) - 25.00%
Hartford Whalers - 1 on 4 Attempt(s) - 25.00%

Penalty Kill

Chicago Black Hawks - 3 on 4 Attempt(s) - 75.00% - Score 1 goal in Penalty Kill
Hartford Whalers - 3 on 4 Attempt(s) - 75.00% - Score 0 goal in Penalty Kill

Team Stat

Chicago Black Hawks - Hits : 24 - Faceoff Wins : 38 - Blocked Shots : 20 - Penalty Minutes : 8
Hartford Whalers - Hits : 23 - Faceoff Wins : 32 - Blocked Shots : 9 - Penalty Minutes : 8

Official

Referees : Cody Beach and Ghislain Hebert
Linesman : Andrew Smith and Matt MacPherson

Game Notes

No Game Note

Finance

Level 1 -- Attendance: 6000 (100.00%) -- Ticket Income $570,000
Level 2 -- Attendance: 4840 (96.80%) -- Ticket Income $266,200
Level 3 -- Attendance: 1903 (63.43%) -- Ticket Income $76,120
Level 4 -- Attendance: 4089 (81.78%) -- Ticket Income $102,225
Luxury Box -- Attendance: 761 (76.10%) -- Ticket Income $152,200
Game was played at the Hartford Civic Center.
Total Attendance: 17593 (87.97%)
Total Ticket Income: $1,166,745
Other Income: $408,361
Total Income: $1,575,106

Chicago Black Hawks

5 vs 5 Forward 
   Center                   Left Wing                Right Wing               Time % Phy DF OF 
 1 Leo Carlsson             Lucas Raymond            Kevin Fiala              30     1   2  2  
 2 Barrett Hayton           Ryan Suzuki              Oliver Bjorkstrand       30     1   2  2  
 3 Matthew Beniers          Shane Wright             Eeli Tolvanen            25     1   2  2  
 4 Brett Howden             Trevor Zegras            Bobby Brink              15     1   2  2  

5 vs 5 Defense 
   Defense                  Defense                                           Time % Phy DF OF 
 1 Zachary Werenski         Brent Burns                                       30     1   2  2  
 2 Justin Faulk             Christopher Tanev                                 30     1   2  2  
 3 Noah Dobson              Ryan Lindgren                                     25     1   2  2  
 4 Zachary Werenski         Brent Burns                                       15     1   2  2  

PowerPlay Forward 
   Center                   Left Wing                Right Wing               Time % Phy DF OF 
 1 Leo Carlsson             Lucas Raymond            Kevin Fiala              50     1   2  2  
 2 Barrett Hayton           Matthew Beniers          Oliver Bjorkstrand       50     1   2  2  

PowerPlay Defense
   Defense                  Defense                                           Time % Phy DF OF 
 1 Zachary Werenski         Brent Burns                                       50     1   2  2  
 2 Justin Faulk             Christopher Tanev                                 50     1   2  2  

Penalty Kill 4 Players Forward 
   Center                   Wing                     Time % Phy DF OF 
 1 Leo Carlsson             Lucas Raymond            50     1   2  2  
 2 Kevin Fiala              Barrett Hayton           50     1   2  2  

Penalty Kill 4 Players Defense
   Defense                  Defense                  Time % Phy DF OF 
 1 Zachary Werenski         Brent Burns              50     1   2  2  
 2 Justin Faulk             Christopher Tanev        50     1   2  2  

Penalty Kill - 3 Players Forward 
   Forward                                           Time % Phy DF OF 
 1 Leo Carlsson                                      50     1   2  2  
 2 Lucas Raymond                                     50     1   2  2  

Penalty Kill - 3 Players Defense
   Defense                  Defense                  Time % Phy DF OF 
 1 Zachary Werenski         Brent Burns              50     1   2  2  
 2 Justin Faulk             Christopher Tanev        50     1   2  2  

4 vs 4 Forward 
   Center                   Wing                     Time % Phy DF OF 
 1 Leo Carlsson             Lucas Raymond            50     1   2  2  
 2 Kevin Fiala              Barrett Hayton           50     1   2  2  

4 vs 4 Defense
   Defense                  Defense                  Time % Phy DF OF 
 1 Zachary Werenski         Brent Burns              50     1   2  2  
 2 Justin Faulk             Christopher Tanev        50     1   2  2  

Last Minutes Offensive
   Center                   Left Wing                Right Wing               Defense                  Defense                  
   Leo Carlsson             Lucas Raymond            Kevin Fiala              Zachary Werenski         Brent Burns              

Last Minutes Defensive
   Center                   Left Wing                Right Wing               Defense                  Defense                  
   Leo Carlsson             Lucas Raymond            Kevin Fiala              Zachary Werenski         Brent Burns              

Goaltenders
Starting : Filip Gustavsson         
Backup : Jesper Wallstedt         

Extra Forwards
Normal : Matthew Beniers, Shane Wright, Brett Howden - PP : Matthew Beniers, Shane Wright - PK : Brett Howden
Extra Defensemen
Normal : Noah Dobson, Ryan Lindgren, Justin Faulk - PP : Noah Dobson - PK : Ryan Lindgren, Justin Faulk
Penalty Shots
Leo Carlsson, Lucas Raymond, Kevin Fiala, Barrett Hayton, Oliver Bjorkstrand

Scratches
Simon Nemec (Healthy), Trevor Lewis (Healthy)

Hartford Whalers

5 vs 5 Forward 
   Center                   Left Wing                Right Wing               Time % Phy DF OF 
 1 Nick Suzuki              Joshua Norris            Anthony Cirelli          30     1   2  2  
 2 Sidney Crosby            Pierre-Luc Dubois        Jordan Kyrou             30     1   2  2  
 3 Carter Verhaeghe         Dylan Guenther           Tyler Seguin             25     1   2  2  
 4 Matthew Coronato         Jonathan Drouin          Tyson Foerster           15     1   2  2  

5 vs 5 Defense 
   Defense                  Defense                                           Time % Phy DF OF 
 1 Seth Jones               Vladislav Gavrikov                                30     1   2  2  
 2 Devon Toews              Braden Schneider                                  30     1   2  2  
 3 Simon Edvinsson          Kaiden Guhle                                      25     1   2  2  
 4 Seth Jones               Vladislav Gavrikov                                15     1   2  2  

PowerPlay Forward 
   Center                   Left Wing                Right Wing               Time % Phy DF OF 
 1 Nick Suzuki              Joshua Norris            Anthony Cirelli          50     1   2  2  
 2 Sidney Crosby            Pierre-Luc Dubois        Jordan Kyrou             50     1   2  2  

PowerPlay Defense
   Defense                  Defense                                           Time % Phy DF OF 
 1 Seth Jones               Vladislav Gavrikov                                50     1   2  2  
 2 Devon Toews              Braden Schneider                                  50     1   2  2  

Penalty Kill 4 Players Forward 
   Center                   Wing                     Time % Phy DF OF 
 1 Nick Suzuki              Sidney Crosby            50     1   2  2  
 2 Joshua Norris            Anthony Cirelli          50     1   2  2  

Penalty Kill 4 Players Defense
   Defense                  Defense                  Time % Phy DF OF 
 1 Seth Jones               Vladislav Gavrikov       50     1   2  2  
 2 Devon Toews              Braden Schneider         50     1   2  2  

Penalty Kill - 3 Players Forward 
   Forward                                           Time % Phy DF OF 
 1 Nick Suzuki                                       50     1   2  2  
 2 Sidney Crosby                                     50     1   2  2  

Penalty Kill - 3 Players Defense
   Defense                  Defense                  Time % Phy DF OF 
 1 Seth Jones               Vladislav Gavrikov       50     1   2  2  
 2 Devon Toews              Braden Schneider         50     1   2  2  

4 vs 4 Forward 
   Center                   Wing                     Time % Phy DF OF 
 1 Nick Suzuki              Sidney Crosby            50     1   2  2  
 2 Joshua Norris            Anthony Cirelli          50     1   2  2  

4 vs 4 Defense
   Defense                  Defense                  Time % Phy DF OF 
 1 Seth Jones               Vladislav Gavrikov       50     1   2  2  
 2 Devon Toews              Braden Schneider         50     1   2  2  

Last Minutes Offensive
   Center                   Left Wing                Right Wing               Defense                  Defense                  
   Nick Suzuki              Joshua Norris            Anthony Cirelli          Seth Jones               Vladislav Gavrikov       

Last Minutes Defensive
   Center                   Left Wing                Right Wing               Defense                  Defense                  
   Nick Suzuki              Joshua Norris            Anthony Cirelli          Seth Jones               Vladislav Gavrikov       

Goaltenders
Starting : Joseph Woll              
Backup : Samuel Montembeault      

Extra Forwards
Normal : Dylan Guenther, Carter Verhaeghe, Nick Suzuki - PP : Dylan Guenther, Carter Verhaeghe - PK : Nick Suzuki
Extra Defensemen
Normal : Simon Edvinsson, Kaiden Guhle, Devon Toews - PP : Simon Edvinsson - PK : Kaiden Guhle, Devon Toews
Penalty Shots
Nick Suzuki, Sidney Crosby, Joshua Norris, Anthony Cirelli, Pierre-Luc Dubois

Scratches
Shakir Mukhamadullin (Healthy), Calle Odelius (Healthy)

% Time on Ice - Chicago Black Hawks

Lines # - Real PCT - Wanted PCT - Time Play
Normal Forward
1 - 28% - 30% - 14:07
2 - 30% - 30% - 15:06
3 - 26% - 25% - 13:06
4 - 15% - 15% - 7:33
Normal Defense
1 - 29% - 30% - 14:37
2 - 31% - 30% - 15:42
3 - 26% - 25% - 13:10
4 - 13% - 15% - 6:23
PP Forward
1 - 53% - 50% - 3:11
2 - 47% - 50% - 2:48
PP Defense
1 - 53% - 50% - 3:12
2 - 47% - 50% - 2:47
PK Forward
1 - 49% - 50% - 2:02
2 - 51% - 50% - 2:07
PK Defense
1 - 49% - 50% - 2:02
2 - 51% - 50% - 2:07
PK3 Forward
1 - 0% - 50%
2 - 0% - 50%
PK3 Defense
1 - 0% - 50%
2 - 0% - 50%
44 Forward
1 - 0% - 50%
2 - 0% - 50%
44 Defense
1 - 0% - 50%
2 - 0% - 50%
Last Minute Offensive  - 0:00
Last Minute Defensive  - 0:00
Total
Forward - 60:00
Defense - 60:00

% Time on Ice - Hartford Whalers

Lines # - Real PCT - Wanted PCT - Time Play
Normal Forward
1 - 30% - 30% - 15:07
2 - 28% - 30% - 13:49
3 - 26% - 25% - 12:49
4 - 16% - 15% - 8:07
Normal Defense
1 - 30% - 30% - 14:47
2 - 30% - 30% - 15:03
3 - 28% - 25% - 14:05
4 - 12% - 15% - 5:57
PP Forward
1 - 50% - 50% - 2:05
2 - 50% - 50% - 2:04
PP Defense
1 - 49% - 50% - 2:02
2 - 51% - 50% - 2:07
PK Forward
1 - 46% - 50% - 2:45
2 - 54% - 50% - 3:14
PK Defense
1 - 50% - 50% - 3:00
2 - 50% - 50% - 2:59
PK3 Forward
1 - 0% - 50%
2 - 0% - 50%
PK3 Defense
1 - 0% - 50%
2 - 0% - 50%
44 Forward
1 - 0% - 50%
2 - 0% - 50%
44 Defense
1 - 0% - 50%
2 - 0% - 50%
Last Minute Offensive  - 0:00
Last Minute Defensive  - 0:00
Total
Forward - 60:00
Defense - 60:00

Play-by-Play

1st period


0:01 of 1st period - Nick Suzuki wins face-off versus Leo Carlsson in neutral zone.
0:51 of 1st period - Braden Schneider is hit by Justin Faulk and loses puck.
1:00 of 1st period - Snap shot by Brett Howden.
1:00 of 1st period - Stopped by Joseph Woll without a rebound.
1:01 of 1st period - Barrett Hayton wins face-off versus Matthew Coronato in Hartford Whalers zone.
1:08 of 1st period - Snap shot by Barrett Hayton.
1:08 of 1st period - Stopped by Joseph Woll without a rebound.
1:09 of 1st period - Matthew Coronato wins face-off versus Barrett Hayton in Hartford Whalers zone.
1:20 of 1st period - Snap shot by Barrett Hayton.
1:20 of 1st period - Stopped by Joseph Woll with a rebound.
1:58 of 1st period - Leo Carlsson is hit by Jordan Kyrou and loses puck.
2:49 of 1st period - Snap shot by Barrett Hayton.
2:49 of 1st period - Stopped by Joseph Woll without a rebound.
2:50 of 1st period - Sidney Crosby wins face-off versus Brett Howden in Hartford Whalers zone.
2:59 of 1st period - Zachary Werenski is hit by Jordan Kyrou and loses puck.
3:16 of 1st period - Devon Toews is hit by Ryan Suzuki and loses puck.
3:45 of 1st period - Wrist shot by Shane Wright.
3:45 of 1st period - Shot Misses the Net.
4:00 of 1st period - Off-side.
4:01 of 1st period - Leo Carlsson wins face-off versus Tyson Foerster in neutral zone.
4:28 of 1st period - Barrett Hayton is hit by Sidney Crosby and loses puck.
4:44 of 1st period - Minor Penalty to Pierre-Luc Dubois for Goalie Interference.
4:45 of 1st period - Leo Carlsson wins face-off versus Nick Suzuki in Hartford Whalers zone.
4:47 of 1st period - Snap shot by Leo Carlsson.
4:47 of 1st period - Shot Misses the Net.
4:49 of 1st period - Snap shot by Leo Carlsson.
4:49 of 1st period - Deflect By Lucas Raymond.
4:49 of 1st period - Stopped by Joseph Woll without a rebound.
4:50 of 1st period - Sidney Crosby wins face-off versus Leo Carlsson in Hartford Whalers zone.
6:44 of 1st period - Penalty to Pierre-Luc Dubois is over, Pierre-Luc Dubois is back on ice.
7:10 of 1st period - Minor Penalty to Devon Toews for Interference.
7:11 of 1st period - Anthony Cirelli wins face-off versus Lucas Raymond in Hartford Whalers zone.
7:29 of 1st period - Kaiden Guhle is hit by Leo Carlsson and loses puck.
9:10 of 1st period - Penalty to Devon Toews is over, Devon Toews is back on ice.
9:16 of 1st period - Slapshot by Carter Verhaeghe.
9:16 of 1st period - Stopped by Filip Gustavsson without a rebound.
9:17 of 1st period - Carter Verhaeghe wins face-off versus Brett Howden in Chicago Black Hawks zone.
9:19 of 1st period - Icing by Bobby Brink.
9:20 of 1st period - Carter Verhaeghe wins face-off versus Brett Howden in Chicago Black Hawks zone.
9:23 of 1st period - Slapshot by Carter Verhaeghe.
9:23 of 1st period - Shot Blocked by Noah Dobson.
9:25 of 1st period - Slapshot by Seth Jones.
9:25 of 1st period - Stopped by Filip Gustavsson with a rebound.
9:27 of 1st period - Slapshot by Vladislav Gavrikov.
9:27 of 1st period - Stopped by Filip Gustavsson with a rebound.
9:29 of 1st period - Snap shot by Carter Verhaeghe.
9:29 of 1st period - Stopped by Filip Gustavsson with a rebound.
9:55 of 1st period - Wrist shot by Carter Verhaeghe.
9:55 of 1st period - Shot Blocked by Noah Dobson.
9:57 of 1st period - Wrist shot by Dylan Guenther.
9:57 of 1st period - Deflect By Carter Verhaeghe.
9:57 of 1st period - Stopped by Filip Gustavsson with a rebound.
9:59 of 1st period - Snap shot by Seth Jones.
9:59 of 1st period - Stopped by Filip Gustavsson without a rebound.
10:00 of 1st period - Nick Suzuki wins face-off versus Matthew Beniers in Chicago Black Hawks zone.
10:03 of 1st period - Snap shot by Nick Suzuki.
10:03 of 1st period - Shot Blocked by Brent Burns.
10:05 of 1st period - Wrist shot by Anthony Cirelli.
10:05 of 1st period - Goal by Anthony Cirelli - Chicago Black Hawks : 0 - Hartford Whalers : 1.
10:06 of 1st period - Nick Suzuki wins face-off versus Matthew Beniers in neutral zone.
10:15 of 1st period - Zachary Werenski is hit by Joshua Norris and loses puck.
10:39 of 1st period - Off-side.
10:40 of 1st period - Sidney Crosby wins face-off versus Barrett Hayton in neutral zone.
11:07 of 1st period - Braden Schneider is hit by Kevin Fiala and loses puck.
11:15 of 1st period - Off-side.
11:16 of 1st period - Matthew Beniers wins face-off versus Nick Suzuki in neutral zone.
11:45 of 1st period - Snap shot by Sidney Crosby.
11:45 of 1st period - Stopped by Filip Gustavsson without a rebound.
11:46 of 1st period - Barrett Hayton wins face-off versus Sidney Crosby in Chicago Black Hawks zone.
12:11 of 1st period - Joshua Norris is hit by Kevin Fiala and loses puck.
13:00 of 1st period - Snap shot by Tyson Foerster.
13:00 of 1st period - Stopped by Filip Gustavsson with a rebound.
13:02 of 1st period - Slapshot by Devon Toews.
13:02 of 1st period - Stopped by Filip Gustavsson without a rebound.
13:03 of 1st period - Barrett Hayton wins face-off versus Sidney Crosby in Chicago Black Hawks zone.
13:10 of 1st period - Barrett Hayton is hit by Sidney Crosby and loses puck.
13:54 of 1st period - Simon Edvinsson is hit by Shane Wright and loses puck.
15:00 of 1st period - Snap shot by Joshua Norris.
15:00 of 1st period - Shot Blocked by Christopher Tanev.
15:02 of 1st period - Slapshot by Vladislav Gavrikov.
15:02 of 1st period - Stopped by Filip Gustavsson without a rebound.
15:03 of 1st period - Sidney Crosby wins face-off versus Barrett Hayton in Chicago Black Hawks zone.
15:16 of 1st period - Sidney Crosby is hit by Barrett Hayton and loses puck.
15:29 of 1st period - Anthony Cirelli is hit by Eeli Tolvanen and loses puck.
16:40 of 1st period - Backhand shot by Zachary Werenski.
16:40 of 1st period - Deflect By Pierre-Luc Dubois.
16:40 of 1st period - Stopped by Joseph Woll without a rebound.
16:41 of 1st period - Leo Carlsson wins face-off versus Nick Suzuki in Hartford Whalers zone.
16:42 of 1st period - Wrist shot by Lucas Raymond.
16:42 of 1st period - Stopped by Joseph Woll with a rebound.
16:50 of 1st period - Wrist shot by Leo Carlsson.
16:50 of 1st period - Stopped by Joseph Woll with a rebound.
16:53 of 1st period - Icing by Nick Suzuki.
16:54 of 1st period - Matthew Beniers wins face-off versus Nick Suzuki in Hartford Whalers zone.
17:22 of 1st period - Christopher Tanev is hit by Joshua Norris and loses puck.
17:54 of 1st period - Wrist shot by Pierre-Luc Dubois.
17:54 of 1st period - Stopped by Filip Gustavsson with a rebound.
18:26 of 1st period - Bobby Brink is hit by Tyson Foerster and loses puck.
18:49 of 1st period - Minor Penalty to Ryan Lindgren for Holding.
18:50 of 1st period - Leo Carlsson wins face-off versus Anthony Cirelli in Chicago Black Hawks zone.
19:07 of 1st period - Wrist shot by Nick Suzuki.
19:07 of 1st period - Stopped by Filip Gustavsson without a rebound.
19:08 of 1st period - Jordan Kyrou wins face-off versus Leo Carlsson in Chicago Black Hawks zone.
19:55 of 1st period - Justin Faulk is hit by Devon Toews and loses puck.
Goals for this period are 0 for Chicago Black Hawks vs 1 for Hartford Whalers.
Shots for this period are 8 for Chicago Black Hawks vs 13 for Hartford Whalers.

2nd period


0:01 of 2nd period - Sidney Crosby wins face-off versus Kevin Fiala in neutral zone.
0:06 of 2nd period - Zachary Werenski is hit by Pierre-Luc Dubois and loses puck.
0:49 of 2nd period - Penalty to Ryan Lindgren is over, Ryan Lindgren is back on ice.
0:57 of 2nd period - Wrist shot by Carter Verhaeghe.
0:57 of 2nd period - Stopped by Filip Gustavsson without a rebound.
0:58 of 2nd period - Carter Verhaeghe wins face-off versus Matthew Beniers in Chicago Black Hawks zone.
1:01 of 2nd period - Slapshot by Tyler Seguin.
1:01 of 2nd period - Stopped by Filip Gustavsson without a rebound.
1:02 of 2nd period - Matthew Beniers wins face-off versus Sidney Crosby in Chicago Black Hawks zone.
1:11 of 2nd period - Wrist shot by Matthew Beniers.
1:11 of 2nd period - Shot Misses the Net.
1:13 of 2nd period - Slapshot by Brent Burns.
1:13 of 2nd period - Stopped by Joseph Woll with a rebound.
1:15 of 2nd period - Slapshot by Zachary Werenski.
1:15 of 2nd period - Shot Blocked by Simon Edvinsson.
2:01 of 2nd period - Snap shot by Barrett Hayton.
2:01 of 2nd period - Stopped by Joseph Woll without a rebound.
2:02 of 2nd period - Matthew Beniers wins face-off versus Sidney Crosby in Hartford Whalers zone.
2:09 of 2nd period - Slapshot by Matthew Beniers.
2:09 of 2nd period - Stopped by Joseph Woll with a rebound.
2:11 of 2nd period - Backhand shot by Justin Faulk.
2:11 of 2nd period - Deflect By Eeli Tolvanen.
2:11 of 2nd period - Shot Misses the Net.
2:11 of 2nd period - Puck is out of play.
2:12 of 2nd period - Matthew Beniers wins face-off versus Sidney Crosby in Hartford Whalers zone.
2:15 of 2nd period - Snap shot by Matthew Beniers.
2:15 of 2nd period - Shot Misses the Net.
2:17 of 2nd period - Wrist shot by Christopher Tanev.
2:17 of 2nd period - Shot Blocked by Seth Jones.
2:19 of 2nd period - Wrist shot by Christopher Tanev.
2:19 of 2nd period - Shot Blocked by Seth Jones.
2:21 of 2nd period - Backhand shot by Eeli Tolvanen.
2:21 of 2nd period - Stopped by Joseph Woll with a rebound.
2:47 of 2nd period - Vladislav Gavrikov is hit by Matthew Beniers and loses puck.
3:08 of 2nd period - Snap shot by Jordan Kyrou.
3:08 of 2nd period - Shot Misses the Net.
3:27 of 2nd period - Slapshot by Matthew Beniers.
3:27 of 2nd period - Shot Misses the Net.
3:48 of 2nd period - Snap shot by Jordan Kyrou.
3:48 of 2nd period - Stopped by Filip Gustavsson without a rebound.
3:49 of 2nd period - Barrett Hayton wins face-off versus Nick Suzuki in Chicago Black Hawks zone.
3:56 of 2nd period - Snap shot by Joshua Norris.
3:56 of 2nd period - Shot Blocked by Zachary Werenski.
4:02 of 2nd period - Snap shot by Joshua Norris.
4:02 of 2nd period - Deflect By Brent Burns.
4:02 of 2nd period - Shot Blocked by Brent Burns.
4:02 of 2nd period - Puck is out of play.
4:03 of 2nd period - Leo Carlsson wins face-off versus Nick Suzuki in Chicago Black Hawks zone.
4:03 of 2nd period - Leo Carlsson is hit by Anthony Cirelli.
4:42 of 2nd period - Braden Schneider is hit by Barrett Hayton and loses puck.
5:33 of 2nd period - Minor Penalty to Anthony Cirelli for Cross-checking.
5:34 of 2nd period - Barrett Hayton wins face-off versus Nick Suzuki in Hartford Whalers zone.
5:35 of 2nd period - Slapshot by Matthew Beniers.
5:35 of 2nd period - Deflect By Nick Suzuki.
5:35 of 2nd period - Goal by Matthew Beniers - Chicago Black Hawks : 1 - Hartford Whalers : 1.
5:36 of 2nd period - Carter Verhaeghe wins face-off versus Barrett Hayton in neutral zone.
6:01 of 2nd period - Zachary Werenski is hit by Joshua Norris and loses puck.
6:29 of 2nd period - Off-side.
6:30 of 2nd period - Carter Verhaeghe wins face-off versus Barrett Hayton in neutral zone.
6:55 of 2nd period - Noah Dobson is hit by Joshua Norris and loses puck.
7:07 of 2nd period - Off-side.
7:08 of 2nd period - Carter Verhaeghe wins face-off versus Barrett Hayton in neutral zone.
7:36 of 2nd period - Wrist shot by Nick Suzuki.
7:36 of 2nd period - Shot Blocked by Brent Burns.
7:38 of 2nd period - Backhand shot by Braden Schneider.
7:38 of 2nd period - Stopped by Filip Gustavsson without a rebound.
7:39 of 2nd period - Sidney Crosby wins face-off versus Lucas Raymond in Chicago Black Hawks zone.
7:42 of 2nd period - Wrist shot by Pierre-Luc Dubois.
7:42 of 2nd period - Shot Blocked by Kevin Fiala.
7:44 of 2nd period - Slapshot by Pierre-Luc Dubois.
7:44 of 2nd period - Shot Blocked by Noah Dobson.
8:10 of 2nd period - Off-side.
8:11 of 2nd period - Barrett Hayton wins face-off versus Nick Suzuki in neutral zone.
8:38 of 2nd period - Pierre-Luc Dubois is hit by Zachary Werenski and loses puck.
8:48 of 2nd period - Snap shot by Leo Carlsson.
8:48 of 2nd period - Stopped by Joseph Woll without a rebound.
8:49 of 2nd period - Carter Verhaeghe wins face-off versus Matthew Beniers in Hartford Whalers zone.
9:14 of 2nd period - Ryan Suzuki is hit by Pierre-Luc Dubois and loses puck.
9:21 of 2nd period - Wrist shot by Jordan Kyrou.
9:21 of 2nd period - Shot Blocked by Oliver Bjorkstrand.
9:23 of 2nd period - Slapshot by Vladislav Gavrikov.
9:23 of 2nd period - Deflect By Pierre-Luc Dubois.
9:23 of 2nd period - Shot Blocked by Justin Faulk.
9:23 of 2nd period - Puck is out of play.
9:24 of 2nd period - Leo Carlsson wins face-off versus Nick Suzuki in Chicago Black Hawks zone.
9:24 of 2nd period - Leo Carlsson is hit by Joshua Norris.
9:36 of 2nd period - Snap shot by Leo Carlsson.
9:36 of 2nd period - Stopped by Joseph Woll with a rebound.
9:38 of 2nd period - Snap shot by Kevin Fiala.
9:38 of 2nd period - Shot Blocked by Braden Schneider.
9:40 of 2nd period - Wrist shot by Leo Carlsson.
9:40 of 2nd period - Stopped by Joseph Woll without a rebound.
9:41 of 2nd period - Ryan Suzuki wins face-off versus Matthew Coronato in Hartford Whalers zone.
9:46 of 2nd period - Snap shot by Barrett Hayton.
9:46 of 2nd period - Shot Misses the Net.
9:48 of 2nd period - Wrist shot by Barrett Hayton.
9:48 of 2nd period - Stopped by Joseph Woll without a rebound.
9:49 of 2nd period - Matthew Coronato wins face-off versus Barrett Hayton in Hartford Whalers zone.
9:59 of 2nd period - Snap shot by Oliver Bjorkstrand.
9:59 of 2nd period - Stopped by Joseph Woll with a rebound.
10:13 of 2nd period - Snap shot by Oliver Bjorkstrand.
10:13 of 2nd period - Stopped by Joseph Woll without a rebound.
10:14 of 2nd period - Carter Verhaeghe wins face-off versus Leo Carlsson in Hartford Whalers zone.
10:39 of 2nd period - Matthew Beniers is hit by Seth Jones and loses puck.
11:08 of 2nd period - Snap shot by Oliver Bjorkstrand.
11:08 of 2nd period - Deflect By Pierre-Luc Dubois.
11:08 of 2nd period - Stopped by Joseph Woll with a rebound.
11:26 of 2nd period - Simon Edvinsson is hit by Bobby Brink and loses puck.
12:05 of 2nd period - Icing by Nick Suzuki.
12:06 of 2nd period - Nick Suzuki wins face-off versus Matthew Beniers in Hartford Whalers zone.
12:15 of 2nd period - Snap shot by Nick Suzuki.
12:15 of 2nd period - Stopped by Filip Gustavsson with a rebound.
12:17 of 2nd period - Snap shot by Joshua Norris.
12:17 of 2nd period - Stopped by Filip Gustavsson without a rebound.
12:18 of 2nd period - Leo Carlsson wins face-off versus Sidney Crosby in Chicago Black Hawks zone.
12:20 of 2nd period - Minor Penalty to Kevin Fiala for Hooking.
12:21 of 2nd period - Brett Howden wins face-off versus Nick Suzuki in Chicago Black Hawks zone.
12:23 of 2nd period - Slapshot by Anthony Cirelli.
12:23 of 2nd period - Stopped by Filip Gustavsson with a rebound.
12:25 of 2nd period - Snap shot by Anthony Cirelli.
12:25 of 2nd period - Goal by Anthony Cirelli - Chicago Black Hawks : 1 - Hartford Whalers : 2.
12:26 of 2nd period - Pierre-Luc Dubois wins face-off versus Barrett Hayton in neutral zone.
12:33 of 2nd period - Slapshot by Seth Jones.
12:33 of 2nd period - Shot Blocked by Brent Burns.
12:51 of 2nd period - Jordan Kyrou is hit by Matthew Beniers and loses puck.
13:14 of 2nd period - Pierre-Luc Dubois is hit by Trevor Zegras and loses puck.
13:23 of 2nd period - Snap shot by Trevor Zegras.
13:23 of 2nd period - Shot Blocked by Kaiden Guhle.
13:25 of 2nd period - Slapshot by Christopher Tanev.
13:25 of 2nd period - Shot Misses the Net.
14:07 of 2nd period - Snap shot by Barrett Hayton.
14:07 of 2nd period - Stopped by Joseph Woll with a rebound.
14:17 of 2nd period - Carter Verhaeghe is hit by Matthew Beniers and loses puck.
14:22 of 2nd period - Wrist shot by Matthew Beniers.
14:22 of 2nd period - Shot Blocked by Kaiden Guhle.
14:24 of 2nd period - Snap shot by Shane Wright.
14:24 of 2nd period - Shot Misses the Net.
14:26 of 2nd period - Slapshot by Zachary Werenski.
14:26 of 2nd period - Shot Misses the Net.
14:40 of 2nd period - Snap shot by Bobby Brink.
14:40 of 2nd period - Stopped by Joseph Woll without a rebound.
14:41 of 2nd period - Leo Carlsson wins face-off versus Matthew Coronato in Hartford Whalers zone.
14:55 of 2nd period - Off-side.
14:56 of 2nd period - Barrett Hayton wins face-off versus Nick Suzuki in neutral zone.
14:59 of 2nd period - Wrist shot by Barrett Hayton.
14:59 of 2nd period - Deflect By Oliver Bjorkstrand.
14:59 of 2nd period - Stopped by Joseph Woll without a rebound.
15:00 of 2nd period - Nick Suzuki wins face-off versus Oliver Bjorkstrand in Hartford Whalers zone.
15:00 of 2nd period - Nick Suzuki is hit by Barrett Hayton.
15:38 of 2nd period - Wrist shot by Carter Verhaeghe.
15:38 of 2nd period - Shot Blocked by Brent Burns.
15:55 of 2nd period - Off-side.
15:56 of 2nd period - Nick Suzuki wins face-off versus Kevin Fiala in neutral zone.
16:04 of 2nd period - Nick Suzuki is hit by Leo Carlsson and loses puck.
16:13 of 2nd period - Snap shot by Joshua Norris.
16:13 of 2nd period - Shot Misses the Net.
16:34 of 2nd period - Snap shot by Matthew Beniers.
16:34 of 2nd period - Stopped by Joseph Woll with a rebound.
16:36 of 2nd period - Slapshot by Matthew Beniers.
16:36 of 2nd period - Shot Hit the Post.
16:43 of 2nd period - Icing by Kaiden Guhle.
16:44 of 2nd period - Brett Howden wins face-off versus Carter Verhaeghe in Hartford Whalers zone.
17:17 of 2nd period - Wrist shot by Joshua Norris.
17:17 of 2nd period - Stopped by Filip Gustavsson without a rebound.
17:18 of 2nd period - Barrett Hayton wins face-off versus Nick Suzuki in Chicago Black Hawks zone.
17:40 of 2nd period - Minor Penalty to Joshua Norris for Roughing.
17:41 of 2nd period - Barrett Hayton wins face-off versus Nick Suzuki in Hartford Whalers zone.
17:42 of 2nd period - Snap shot by Matthew Beniers.
17:42 of 2nd period - Shot Misses the Net.
18:18 of 2nd period - Snap shot by Leo Carlsson.
18:18 of 2nd period - Stopped by Joseph Woll with a rebound.
18:24 of 2nd period - Wrist shot by Lucas Raymond.
18:24 of 2nd period - Stopped by Joseph Woll with a rebound.
18:26 of 2nd period - Snap shot by Kevin Fiala.
18:26 of 2nd period - Shot Blocked by Devon Toews.
19:19 of 2nd period - Icing by Zachary Werenski.
19:20 of 2nd period - Leo Carlsson wins face-off versus Pierre-Luc Dubois in Chicago Black Hawks zone.
19:40 of 2nd period - Penalty to Joshua Norris is over, Joshua Norris is back on ice.
19:46 of 2nd period - Off-side.
19:47 of 2nd period - Brett Howden wins face-off versus Matthew Coronato in neutral zone.
Goals for this period are 1 for Chicago Black Hawks vs 1 for Hartford Whalers.
Shots for this period are 18 for Chicago Black Hawks vs 9 for Hartford Whalers.

3rd period


0:01 of 3rd period - Sidney Crosby wins face-off versus Leo Carlsson in neutral zone.
0:32 of 3rd period - Wrist shot by Joshua Norris.
0:32 of 3rd period - Shot Misses the Net.
0:34 of 3rd period - Slapshot by Anthony Cirelli.
0:34 of 3rd period - Shot Blocked by Brent Burns.
0:36 of 3rd period - Wrist shot by Anthony Cirelli.
0:36 of 3rd period - Stopped by Filip Gustavsson with a rebound.
0:38 of 3rd period - Wrist shot by Nick Suzuki.
0:38 of 3rd period - Deflect By Anthony Cirelli.
0:38 of 3rd period - Shot Blocked by Oliver Bjorkstrand.
0:38 of 3rd period - Puck is out of play.
0:39 of 3rd period - Matthew Beniers wins face-off versus Carter Verhaeghe in Chicago Black Hawks zone.
0:41 of 3rd period - Minor Penalty to Christopher Tanev for Holding.
0:42 of 3rd period - Leo Carlsson wins face-off versus Sidney Crosby in Chicago Black Hawks zone.
1:22 of 3rd period - Snap shot by Nick Suzuki.
1:22 of 3rd period - Stopped by Filip Gustavsson with a rebound.
1:24 of 3rd period - Slapshot by Vladislav Gavrikov.
1:24 of 3rd period - Stopped by Filip Gustavsson without a rebound.
1:25 of 3rd period - Nick Suzuki wins face-off versus Kevin Fiala in Chicago Black Hawks zone.
1:28 of 3rd period - Snap shot by Nick Suzuki.
1:28 of 3rd period - Shot Misses the Net.
2:00 of 3rd period - Icing by Jordan Kyrou.
2:01 of 3rd period - Kevin Fiala wins face-off versus Sidney Crosby in Hartford Whalers zone.
2:12 of 3rd period - Wrist shot by Kevin Fiala.
2:12 of 3rd period - Goal by Kevin Fiala - Chicago Black Hawks : 2 - Hartford Whalers : 2.
2:13 of 3rd period - Leo Carlsson wins face-off versus Nick Suzuki in neutral zone.
2:41 of 3rd period - Penalty to Christopher Tanev is over, Christopher Tanev is back on ice.
2:48 of 3rd period - Wrist shot by Joshua Norris.
2:48 of 3rd period - Shot Hit the Post.
2:50 of 3rd period - Snap shot by Nick Suzuki.
2:50 of 3rd period - Stopped by Filip Gustavsson with a rebound.
3:06 of 3rd period - Slapshot by Zachary Werenski.
3:06 of 3rd period - Stopped by Joseph Woll with a rebound.
3:09 of 3rd period - Icing by Joshua Norris.
3:10 of 3rd period - Nick Suzuki wins face-off versus Matthew Beniers in Hartford Whalers zone.
3:19 of 3rd period - Icing by Joshua Norris.
3:20 of 3rd period - Nick Suzuki wins face-off versus Matthew Beniers in Hartford Whalers zone.
3:25 of 3rd period - Snap shot by Joshua Norris.
3:25 of 3rd period - Shot Misses the Net.
3:27 of 3rd period - Snap shot by Joshua Norris.
3:27 of 3rd period - Shot Misses the Net.
3:29 of 3rd period - Wrist shot by Nick Suzuki.
3:29 of 3rd period - Stopped by Filip Gustavsson without a rebound.
3:30 of 3rd period - Sidney Crosby wins face-off versus Leo Carlsson in Chicago Black Hawks zone.
3:31 of 3rd period - Wrist shot by Jordan Kyrou.
3:31 of 3rd period - Stopped by Filip Gustavsson with a rebound.
3:57 of 3rd period - Matthew Beniers is hit by Tyler Seguin and loses puck.
4:02 of 3rd period - Wrist shot by Carter Verhaeghe.
4:02 of 3rd period - Stopped by Filip Gustavsson with a rebound.
4:04 of 3rd period - Slapshot by Carter Verhaeghe.
4:04 of 3rd period - Shot Blocked by Justin Faulk.
4:06 of 3rd period - Backhand shot by Dylan Guenther.
4:06 of 3rd period - Shot Misses the Net.
4:08 of 3rd period - Slapshot by Simon Edvinsson.
4:08 of 3rd period - Shot Blocked by Justin Faulk.
4:20 of 3rd period - Matthew Beniers is hit by Jonathan Drouin and loses puck.
4:58 of 3rd period - Snap shot by Justin Faulk.
4:58 of 3rd period - Stopped by Joseph Woll with a rebound.
6:06 of 3rd period - Snap shot by Jordan Kyrou.
6:06 of 3rd period - Goal by Jordan Kyrou - Chicago Black Hawks : 2 - Hartford Whalers : 3.
6:07 of 3rd period - Sidney Crosby wins face-off versus Leo Carlsson in neutral zone.
6:12 of 3rd period - Slapshot by Lucas Raymond.
6:12 of 3rd period - Stopped by Joseph Woll with a rebound.
6:14 of 3rd period - Slapshot by Zachary Werenski.
6:14 of 3rd period - Deflect By Jordan Kyrou.
6:14 of 3rd period - Stopped by Joseph Woll with a rebound.
6:16 of 3rd period - Snap shot by Zachary Werenski.
6:16 of 3rd period - Stopped by Joseph Woll with a rebound.
6:34 of 3rd period - Vladislav Gavrikov is hit by Brent Burns and loses puck.
7:24 of 3rd period - Noah Dobson is hit by Braden Schneider and loses puck.
8:39 of 3rd period - Seth Jones is hit by Bobby Brink and loses puck.
8:52 of 3rd period - Snap shot by Sidney Crosby.
8:52 of 3rd period - Stopped by Filip Gustavsson with a rebound.
8:56 of 3rd period - Snap shot by Pierre-Luc Dubois.
8:56 of 3rd period - Shot Misses the Net.
9:23 of 3rd period - Noah Dobson is hit by Carter Verhaeghe and loses puck.
9:36 of 3rd period - Shane Wright is hit by Kaiden Guhle.
9:42 of 3rd period - Snap shot by Matthew Coronato.
9:42 of 3rd period - Stopped by Filip Gustavsson with a rebound.
10:00 of 3rd period - Snap shot by Matthew Beniers.
10:00 of 3rd period - Stopped by Joseph Woll with a rebound.
10:02 of 3rd period - Snap shot by Eeli Tolvanen.
10:02 of 3rd period - Deflect By Jonathan Drouin.
10:02 of 3rd period - Stopped by Joseph Woll without a rebound.
10:03 of 3rd period - Barrett Hayton wins face-off versus Sidney Crosby in Hartford Whalers zone.
10:19 of 3rd period - Wrist shot by Sidney Crosby.
10:19 of 3rd period - Shot Blocked by Oliver Bjorkstrand.
10:42 of 3rd period - Anthony Cirelli is hit by Lucas Raymond.
11:00 of 3rd period - Wrist shot by Trevor Zegras.
11:00 of 3rd period - Deflect By Bobby Brink.
11:00 of 3rd period - Deflect By Dylan Guenther.
11:00 of 3rd period - Shot Misses the Net.
11:00 of 3rd period - Puck is out of play.
11:01 of 3rd period - Barrett Hayton wins face-off versus Sidney Crosby in Hartford Whalers zone.
11:04 of 3rd period - Snap shot by Oliver Bjorkstrand.
11:04 of 3rd period - Shot Blocked by Braden Schneider.
11:06 of 3rd period - Slapshot by Justin Faulk.
11:06 of 3rd period - Stopped by Joseph Woll with a rebound.
11:08 of 3rd period - Wrist shot by Barrett Hayton.
11:08 of 3rd period - Shot Blocked by Devon Toews.
11:10 of 3rd period - Snap shot by Barrett Hayton.
11:10 of 3rd period - Stopped by Joseph Woll with a rebound.
11:12 of 3rd period - Wrist shot by Barrett Hayton.
11:12 of 3rd period - Deflect By Oliver Bjorkstrand.
11:12 of 3rd period - Stopped by Joseph Woll with a rebound.
11:27 of 3rd period - Leo Carlsson is hit by Joshua Norris and loses puck.
12:04 of 3rd period - Jonathan Drouin is hit by Leo Carlsson and loses puck.
12:21 of 3rd period - Vladislav Gavrikov is hit by Oliver Bjorkstrand and loses puck.
13:04 of 3rd period - Zachary Werenski is hit by Braden Schneider and loses puck.
13:21 of 3rd period - Snap shot by Oliver Bjorkstrand.
13:21 of 3rd period - Stopped by Joseph Woll without a rebound.
13:22 of 3rd period - Barrett Hayton wins face-off versus Carter Verhaeghe in Hartford Whalers zone.
13:29 of 3rd period - Simon Edvinsson is hit by Oliver Bjorkstrand and loses puck.
13:58 of 3rd period - Snap shot by Oliver Bjorkstrand.
13:58 of 3rd period - Stopped by Joseph Woll with a rebound.
14:37 of 3rd period - Snap shot by Dylan Guenther.
14:37 of 3rd period - Stopped by Filip Gustavsson with a rebound.
14:39 of 3rd period - Slapshot by Simon Edvinsson.
14:39 of 3rd period - Shot Blocked by Barrett Hayton.
14:41 of 3rd period - Slapshot by Simon Edvinsson.
14:41 of 3rd period - Stopped by Filip Gustavsson without a rebound.
14:42 of 3rd period - Leo Carlsson wins face-off versus Nick Suzuki in Chicago Black Hawks zone.
15:07 of 3rd period - Icing by Leo Carlsson.
15:08 of 3rd period - Matthew Beniers wins face-off versus Matthew Coronato in Chicago Black Hawks zone.
15:13 of 3rd period - Braden Schneider is hit by Matthew Beniers and loses puck.
15:35 of 3rd period - Icing by Matthew Beniers.
15:36 of 3rd period - Nick Suzuki wins face-off versus Brett Howden in Chicago Black Hawks zone.
16:29 of 3rd period - Wrist shot by Matthew Beniers.
16:29 of 3rd period - Shot Misses the Net.
16:55 of 3rd period - Snap shot by Pierre-Luc Dubois.
16:55 of 3rd period - Shot Blocked by Justin Faulk.
16:57 of 3rd period - Snap shot by Vladislav Gavrikov.
16:57 of 3rd period - Deflect By Sidney Crosby.
16:57 of 3rd period - Goal by Sidney Crosby - Chicago Black Hawks : 2 - Hartford Whalers : 4.
16:58 of 3rd period - Matthew Beniers wins face-off versus Carter Verhaeghe in neutral zone.
18:17 of 3rd period - Snap shot by Oliver Bjorkstrand.
18:17 of 3rd period - Shot Misses the Net.
18:55 of 3rd period - Oliver Bjorkstrand is hit by Simon Edvinsson and loses puck.
19:53 of 3rd period - Minor Penalty to Ryan Lindgren for Interference.
19:54 of 3rd period - Leo Carlsson wins face-off versus Sidney Crosby in Chicago Black Hawks zone.
Goals for this period are 1 for Chicago Black Hawks vs 2 for Hartford Whalers.
Shots for this period are 13 for Chicago Black Hawks vs 13 for Hartford Whalers.